 Dungeon Crawl Stone Soup version 0.26-a0-252-gb32a1a6195 (webtiles) character file.

Game seed: 11739046319184604790

4 Gargoyl the Skirmisher (level 1, 0/15 HPs)
             Began as a Centaur Abyssal Knight on July 9, 2020.
             Was a Follower of Lugonu.
             Slain by a kobold
             ... wielding a +0 club
              (2 damage)
             ... on level 1 of the Dungeon.
             The game lasted 00:00:28 (318 turns).

Gargoyl the Skirmisher (Centaur Abyssal Knight)      Turns: 318, Time: 00:00:28

Health: 0/15       AC:  7    Str: 12 (14) XL:     1   Next: 50%
Magic:  2/2        EV:  3    Int:  9 (11) God:    Lugonu [*.....]
Gold:   48         SH:  0    Dex:  6 (8)  Spells: 0/0 levels left

rFire    . . .     SeeInvis .   a - +1 hand axe
rCold    . . .     Faith    .   (no shield)
rNeg     . . .     Spirit   .   f - +0 chain mail
rPois    .         Reflect  .   (no helmet)
rElec    .         Harm     .   (no cloak)
rCorr    .                      (no gloves)
MR       .....                  (no barding)
Stlth    ..........             (no amulet)
HPRegen  0.05/turn              (no ring)
MPRegen  0.08/turn              (no ring)

@: very quick
A: large, hooves 3, deformed body, speed 2, [frail 2], tough skin 3
a: Depart the Abyss, Renounce Religion


You were on level 1 of the Dungeon.
You worshipped Lugonu.
Lugonu was aware of your devotion.
You were not hungry.

You visited 1 branch of the dungeon, and saw 1 of its levels.
You visited the Abyss 1 time.

You collected 48 gold pieces.

Inventory:

Hand Weapons
 a - a +1 hand axe (weapon)
Armour
 f - a +0 chain mail (worn)
Potions
 b - a potion of curing {unknown}
Comestibles
 c - 4 rations


   Skills:
 + Level 3.0 Fighting
 + Level 1.8 Axes
 * Level 1.5 Armour
 * Level 0.6 Dodging
 * Level 2.1 Invocations


You couldn't memorise any spells.
You didn't know any spells.
Your spell library was empty.

Dungeon Overview and Level Annotations

Branches:
Dungeon (1/15)

Altars:


Innate Abilities, Weirdness & Mutations

You have hooves in place of feet.
Armour fits poorly on your strangely shaped body.
You cover ground very quickly.
You have extremely tough skin. (AC +3)
[You are very frail. (-20% HP)]


Message History

You closely miss the kobold. x2; The kobold barely misses you.
The kobold hits you but does no damage. The goblin hits you but does no damage.
Unknown command.
You hit the goblin.
You kill the goblin!
Lugonu accepts your kill.
You can now depart the Abyss.
Your chain mail prevents you from hitting the kobold.
You hit the kobold.
The kobold hits you but does no damage. x2
The kobold barely misses you.
The kobold throws a stone.
The stone hits you but does no damage.
The kobold throws a stone.
The stone hits you but does no damage.
Found 10 gold pieces.
You see here a stone.
The dart slug launches a dart at you. The slug dart hits you!
* * * LOW HITPOINT WARNING * * *
Found 17 bolts.
You see here a scroll labeled HOGAT CAMOQUO.
The kobold hits you with a +0 club.
You die...

### ..## ### #..# ...
$..# . .. #..# .##
#(##..# ..###.@..# ##
##?#!##K### #.#
#.....#(..# #######..##
..##K)..#.# #..........
.# ##...##.###..........
#..(.................
.....w..?##..............
...#.###...............#
.. #. #...............#


You could see a kobold.

Vanquished Creatures
  2 goblins (D:1)
  A bat (D:1)
  A rat (D:1)
4 creatures vanquished.

Notes
Turn   | Place    | Note
-------+----------+-------------------------------------------
     0 | Abyss:1  | Gargoyl the Centaur Abyssal Knight began the quest for the
                  | Orb.
     0 | Abyss:1  | Reached XP level 1. HP: 19/19 MP: 2/2
   155 | Abyss:2  | Found a corrupted altar of Lugonu.
   177 | Abyss:2  | Noticed a wretched star
   184 | Abyss:2  | Noticed a starcursed mass
   186 | D:1      | Escaped the Abyss
   312 | D:1      | Reached * piety under Lugonu
   318 | D:1      | Slain by a kobold

Illustrated notes

Levels and vault maps discovered:
D:1:      moated_graveyard_arrival, layout_rooms, minmay_tall_x

Action                   || total
-------------------------++-------
Melee: Hand axe          ||     8
Invok: Depart the Abyss  ||     1
  Use: Scroll            ||     1
       Potion            ||     1
Armor: Chain mail        ||    16
Dodge: Dodged            ||     3

Table legend:
 A = Non-vault XP
 B = Vault XP
 C = Vault XP percentage of total XP
 D = Non-vault monster count
 E = Vault monster count
 F = Vault count percentage of total count
                 A         B        C        D         E       F
            +---------+---------+-------+---------+---------+-------
      Total |       2 |       4 |  66.7 |       2 |       2 |  50.0
            +---------+---------+-------+---------+---------+-------
        D:1 |       2 |       4 |  66.7 |       2 |       2 |  50.0
            +---------+---------+-------+---------+---------+-------
